[Event "ONJK-B 2019"]
[Site "Borne"]
[Date "2019.08.09"]
[Round "7.1"]
[White "Maters, Arthur"]
[Black "Rogge, Parcival"]
[Result "1-0"]
[ECO "A45"]
[WhiteElo "2041"]
[BlackElo "1743"]
[Annotator "NA RC"]
[PlyCount "108"]
[EventDate "2019.08.05"]
[EventType "swiss"]
[EventCountry "NED"]
[SourceTitle "playchess.com"]
[Source "ChessBase"]
[SourceQuality "1"]
[TimeControl "5400+30"]

1. d4 Nf6 2. Bf4 g6 3. Nc3 d5 4. e3 Bg7 5. h4 h5 6. Nf3 a6 7. Qd2 Nc6 8. Ne5 Nd7 9. Nxd7 Qxd7 10. Be2 b5 11. O-O-O (11. b4 $14) 11... b4 $15 12. Nb1 a5 13. Rdg1 Ba6 14. g4 Bxe2 15. Qxe2 hxg4 16. Rxg4 e5 17. dxe5 Nxe5 18. Bxe5 Bxe5 19. e4 O-O-O 20. Nd2 dxe4 21. Rxe4 Bxb2+ 22. Kxb2 Qxd2 23. Qa6+ Kb8 24. Qxa5 Rd4 25. Re5 Qc3+ 26. Kb1 Rhxh4 27. Rhe1 Rh5 28. Re8+ Kb7 29. Qa8+ Kb6 30. Rb8+ Kc5 31. Qa5+ Kd6 32. Qa6+ c6 33. Rd8+ Kc5 34. Rc1 Rxd8 35. Qa5+ Kd6 36. Qxd8+ Ke6 37. Rd1 Rd5 38. Qe8+ Kf6 39. Qh8+ Ke6 40. Qc8+ Kf6 41. Qh8+ Ke6 42. Qe8+ Kf6 43. Rxd5 cxd5 44. Qh8+ Ke6 45. Qxc3 bxc3 46. a4 Kd6 47. Ka2 Kc5 48. Kb3 d4 49. a5 Kb5 50. a6 Kxa6 51. Kc4 g5 52. Kxd4 Kb5 53. Kxc3 f5 54. Kd4 g4 {[%emt 0:01:00] Ke4} 1-0

[Event "ONJK-B 2019"]
[Site "Borne"]
[Date "2019.08.09"]
[Round "7.2"]
[White "Mainka, Alwin"]
[Black "Baselmans, Daan"]
[Result "1/2-1/2"]
[ECO "C10"]
[WhiteElo "1989"]
[BlackElo "1720"]
[Annotator "NA RC"]
[PlyCount "54"]
[EventDate "2019.08.05"]
[EventType "swiss"]
[EventCountry "NED"]
[SourceTitle "playchess.com"]
[Source "ChessBase"]
[SourceQuality "1"]
[TimeControl "5400+30"]

1. e4 e6 2. d4 d5 3. Nd2 dxe4 4. Nxe4 Be7 5. c3 Nf6 6. Nxf6+ Bxf6 7. Nf3 Nd7 8. Be3 b6 9. Bd3 Bb7 10. Bc2 Rc8 11. O-O O-O 12. Qe2 c5 13. Rad1 Qc7 14. Ng5 g6 15. Ne4 $11 Bg7 16. dxc5 Nxc5 17. Bxc5 bxc5 18. Nd6 Rb8 19. Nxb7 Qxb7 20. Bb3 Rfd8 21. Rd3 Rxd3 22. Qxd3 Qc7 23. Qe2 Rd8 24. g3 Bh6 25. f4 Bf8 26. Bc4 Qb7 27. g4 Rd6 1/2-1/2

[Event "ONJK-B 2019"]
[Site "Borne"]
[Date "2019.08.09"]
[Round "7.3"]
[White "Hubers, Daan"]
[Black "Arnold, Kiri"]
[Result "0-1"]
[ECO "A05"]
[WhiteElo "1512"]
[BlackElo "1555"]
[Annotator "NA RC"]
[PlyCount "100"]
[EventDate "2019.08.05"]
[EventType "swiss"]
[EventCountry "NED"]
[SourceTitle "playchess.com"]
[Source "ChessBase"]
[SourceQuality "1"]
[TimeControl "5400+30"]

1. e3 Nf6 2. Nf3 g6 3. b3 Bg7 4. Bb2 O-O 5. Nc3 c5 6. Ne2 Nc6 7. d4 cxd4 8. Nexd4 d5 9. Bb5 Qb6 10. a4 a6 11. Be2 Bg4 12. O-O Rac8 13. Rc1 Rfd8 14. Ba3 e6 15. Nxc6 bxc6 16. Qe1 Ne4 17. a5 Qb7 18. h3 Bc3 19. Qd1 Bxf3 20. gxf3 Nd2 21. Re1 Qc7 22. Bc5 Qxa5 23. Bd4 Ra8 24. Bxc3 Qxc3 25. Ra1 c5 26. Rxa6 Nxf3+ 27. Kf1 Qxe1+ 28. Qxe1 Nxe1 29. Kxe1 Rxa6 30. Bxa6 Ra8 31. Be2 Ra1+ 32. Kd2 Rh1 33. c3 Kf8 34. b4 cxb4 35. cxb4 Rb1 36. b5 Ke7 37. Kc2 Ra1 38. Kb3 Kd6 39. Kc3 Kc5 40. f3 e5 41. Kd2 Ra2+ 42. Ke1 Rxe2+ 43. Kxe2 Kxb5 44. Kd3 Kc5 45. h4 f5 46. Kc3 d4+ 47. exd4+ exd4+ 48. Kd3 Kd5 49. f4 Kc5 50. Kd2 Kc4 0-1

[Event "ONJK-B 2019"]
[Site "Borne"]
[Date "2019.08.09"]
[Round "7.4"]
[White "Nopper, Louis"]
[Black "Klaren, Oscar"]
[Result "1/2-1/2"]
[ECO "A22"]
[WhiteElo "1579"]
[BlackElo "1737"]
[Annotator "NA RC"]
[PlyCount "55"]
[EventDate "2019.08.05"]
[EventType "swiss"]
[EventCountry "NED"]
[SourceTitle "playchess.com"]
[Source "ChessBase"]
[SourceQuality "1"]
[TimeControl "5400+30"]

1. c4 e5 2. Nc3 Nf6 3. e3 Bb4 4. Nge2 O-O 5. a3 Bxc3 6. Nxc3 d5 7. cxd5 Nxd5 8. Be2 c5 9. O-O Re8 10. Qb3 Nb6 11. Qc2 Nc6 12. Rb1 Qe7 13. Bf3 Be6 14. d3 Rad8 15. b3 Qd7 16. Ne4 c4 17. bxc4 Qxd3 18. Qxd3 Rxd3 19. Be2 Rd7 20. Nc5 Rc7 21. Nxe6 Rxe6 22. Bd2 Rd6 23. c5 Rxd2 24. cxb6 axb6 25. Bf3 Rd3 26. Rxb6 Rxa3 27. Rfb1 Na5 28. h3 1/2-1/2

[Event "ONJK-B 2019"]
[Site "Borne"]
[Date "2019.08.09"]
[Round "7.5"]
[White "Olree, Alex"]
[Black "De Putter, Nina"]
[Result "0-1"]
[ECO "E04"]
[WhiteElo "1411"]
[BlackElo "1631"]
[Annotator "NA RC"]
[PlyCount "74"]
[EventDate "2019.08.05"]
[EventType "swiss"]
[EventCountry "NED"]
[SourceTitle "playchess.com"]
[Source "ChessBase"]
[SourceQuality "1"]
[TimeControl "5400+30"]

1. d4 d5 2. c4 e6 3. Nf3 Nf6 4. g3 c5 5. Bg2 Nc6 6. O-O dxc4 7. Qa4 Qd7 8. dxc5 Bxc5 9. Rd1 Qc7 10. Ne5 Qxe5 11. Bxc6+ Ke7 12. Bf3 b5 13. Qa5 Bb6 14. Qb4+ Bc5 15. Bf4 Bxb4 16. Bxe5 Nd5 17. Bxg7 Rd8 18. e4 Nb6 19. Bf6+ Kxf6 20. Rxd8 Ke7 21. Rh8 Bb7 22. Rxa8 Bxa8 23. Na3 Bxa3 24. bxa3 f5 25. Kf1 fxe4 26. Be2 Na4 27. Ke1 Nc5 28. Kd2 Kd6 29. Ke3 Ke5 30. Rb1 a6 31. Bd1 Nd3 32. Bc2 Bc6 33. a4 h6 34. axb5 axb5 35. f3 exf3 36. Bxd3 cxd3 37. Kxd3 Be4+ {[%emt 0:00:02] Kd4+} 0-1

[Event "ONJK-B 2019"]
[Site "Borne"]
[Date "2019.08.09"]
[Round "7.6"]
[White "Heskes, Johan"]
[Black "Molanus, Lennart"]
[Result "0-1"]
[ECO "A68"]
[WhiteElo "1535"]
[BlackElo "1619"]
[Annotator "NA RC"]
[PlyCount "70"]
[EventDate "2019.08.05"]
[EventType "swiss"]
[EventCountry "NED"]
[SourceTitle "playchess.com"]
[Source "ChessBase"]
[SourceQuality "1"]
[TimeControl "5400+30"]

1. d4 Nf6 2. c4 g6 3. Nc3 Bg7 4. e4 d6 5. f4 O-O 6. Nf3 c5 7. d5 e6 8. Bd3 exd5 9. cxd5 Re8 10. O-O Nbd7 11. h3 Rb8 12. Qc2 Qc7 13. Bc4 a6 14. a4 Nb6 15. Be2 Nbd7 16. Bc4 Nb6 17. Be2 c4 18. a5 Nbd7 19. Nd2 b5 20. axb6 Nxb6 21. Na4 Bd7 22. Nxb6 Qxb6+ 23. Kh1 Bb5 24. Bxc4 Qc5 25. Rb1 Nxe4 26. Nxe4 Qxc4 27. Qxc4 Bxc4 28. Nxd6 Bxf1 29. Nxe8 Rxe8 30. Bd2 Bd3 31. Rc1 Bxb2 32. Rc6 Re2 33. d6 Rxd2 34. d7 Bf6 35. Rxf6 Bb5 0-1

[Event "ONJK-B 2019"]
[Site "Borne"]
[Date "2019.08.09"]
[Round "7.7"]
[White "Klein, Lucas"]
[Black "Albertus, Bram"]
[Result "0-1"]
[ECO "A90"]
[WhiteElo "1481"]
[BlackElo "1841"]
[Annotator "NA RC"]
[PlyCount "62"]
[EventDate "2019.08.05"]
[EventType "swiss"]
[EventCountry "NED"]
[SourceTitle "playchess.com"]
[Source "ChessBase"]
[SourceQuality "1"]
[TimeControl "5400+30"]

1. d4 f5 2. g3 Nf6 3. Bg2 e6 4. c4 d5 5. Nh3 c6 6. O-O Bd6 7. Bf4 Bxf4 8. Nxf4 g5 9. Nd3 Nbd7 10. Nd2 h5 $14 11. Qc1 h4 12. Nf3 hxg3 13. hxg3 Ne4 14. c5 Qf6 15. Qe3 Qh6 16. b4 f4 17. Nxf4 gxf4 18. Qxf4 Qxf4 19. gxf4 Ndf6 20. Ng5 Rg8 21. Nh3 Bd7 22. f3 Nd2 23. Rfe1 Nc4 24. e3 O-O-O 25. Kf2 Rg7 26. Ng5 Nh7 27. Nxh7 Rxh7 28. e4 Rf8 29. Rh1 Rxh1 30. Rxh1 Rxf4 31. Rh8+ Kc7 0-1

[Event "ONJK-B 2019"]
[Site "Borne"]
[Date "2019.08.09"]
[Round "7.9"]
[White "Lauwers, Timo"]
[Black "Van Weerden, Jur"]
[Result "1-0"]
[ECO "E70"]
[WhiteElo "1364"]
[BlackElo "1676"]
[Annotator "NA RC"]
[PlyCount "93"]
[EventDate "2019.08.05"]
[EventType "swiss"]
[EventCountry "NED"]
[SourceTitle "playchess.com"]
[Source "ChessBase"]
[SourceQuality "1"]
[TimeControl "5400+30"]

1. d4 c5 2. d5 Nf6 3. c4 g6 4. Nc3 Bg7 5. e4 O-O 6. e5 Ne8 7. f4 d6 8. Nf3 Nd7 9. Qe2 dxe5 10. fxe5 h6 11. e6 Ndf6 12. exf7+ Rxf7 13. Ne5 Bf5 14. g4 Nxg4 15. Nxg4 Bxg4 16. Qxg4 Qd6 17. Bd2 Qf6 18. O-O-O Nd6 19. Bd3 Nf5 20. Bxf5 gxf5 21. Qf4 Kh7 22. Rhf1 Raf8 23. Be1 a6 24. Na4 Qg6 25. Bc3 Qg5 26. Bxg7 Qxf4+ 27. Rxf4 Rxg7 28. Nxc5 h5 29. Ne6 Rfg8 30. Nxg7 Rxg7 31. Rxf5 Kh6 32. d6 exd6 33. Rxd6+ Rg6 34. Rff6 Rxf6 35. Rxf6+ Kg5 36. Rb6 Kg4 37. Rxb7 h4 38. Rg7+ Kf3 39. c5 a5 40. Re7 a4 41. Kd2 a3 42. b4 h3 43. Re3+ Kg2 44. Ke2 Kh1 45. Kf2 Kxh2 46. Rxa3 Kh1 47. Rxh3# 1-0

[Event "ONJK-B 2019"]
[Site "Borne"]
[Date "2019.08.09"]
[Round "7.10"]
[White "Borgelioen, Elise"]
[Black "Neirynck, Arthur"]
[Result "1/2-1/2"]
[ECO "C02"]
[WhiteElo "1342"]
[BlackElo "1514"]
[Annotator "NA RC"]
[PlyCount "61"]
[EventDate "2019.08.05"]
[EventType "swiss"]
[EventCountry "NED"]
[SourceTitle "playchess.com"]
[Source "ChessBase"]
[SourceQuality "1"]
[TimeControl "5400+30"]

1. e4 e6 2. d4 d5 3. e5 c5 4. Nf3 cxd4 5. Nxd4 Nc6 6. Bb5 Bd7 7. Bxc6 bxc6 8. c3 Ne7 9. Bg5 Qc7 10. Qe2 c5 11. Nf3 Rb8 12. Na3 Ng6 13. O-O h6 14. Bc1 Be7 15. Re1 O-O 16. b3 f6 17. Bb2 fxe5 18. Nxe5 Nxe5 19. Qxe5 Bd6 20. Qh5 Rf5 21. Qh4 Rbf8 22. Re2 Rg5 23. Bc1 Rgf5 24. Be3 Bf4 25. Qh3 Qa5 26. Bxf4 Rxf4 27. Nc2 Qd8 28. Qe3 Qc7 29. Rd1 Bc8 30. Ne1 Qd6 31. Nf3 1/2-1/2

[Event "ONJK-B 2019"]
[Site "Borne"]
[Date "2019.08.09"]
[Round "7.11"]
[White "Schoonhoven, Mark"]
[Black "Tiggelman, Laura"]
[Result "0-1"]
[ECO "B70"]
[WhiteElo "1275"]
[BlackElo "1436"]
[Annotator "NA RC"]
[PlyCount "58"]
[EventDate "2019.08.05"]
[EventType "swiss"]
[EventCountry "NED"]
[SourceTitle "playchess.com"]
[Source "ChessBase"]
[SourceQuality "1"]
[TimeControl "5400+30"]

1. e4 c5 2. Nf3 d6 3. d4 cxd4 4. Nxd4 Nf6 5. Nc3 g6 6. Bd3 Bg7 7. Bg5 Nc6 8. Nde2 O-O 9. Qd2 Ne5 10. Bb5 a6 11. Ba4 b5 12. Bb3 Bd7 13. O-O a5 14. f4 Nc4 15. Bxc4 bxc4 16. f5 Qb6+ 17. Be3 Qb7 18. Ng3 Bc6 19. Bg5 Rfe8 20. Rf4 Qb6+ 21. Kh1 Rab8 22. e5 dxe5 23. Rxc4 Qxb2 24. Re1 Bb5 25. Rb1 Qxb1+ 26. Nxb1 Bxc4 27. Nc3 Red8 28. Qe1 Rb7 29. Qxe5 Rb1+ 0-1

[Event "ONJK-B 2019"]
[Site "Borne"]
[Date "2019.08.09"]
[Round "7.12"]
[White "Winter, Ynse"]
[Black "Van Hille, Clara"]
[Result "0-1"]
[ECO "D58"]
[WhiteElo "1021"]
[BlackElo "1391"]
[Annotator "NA RC"]
[PlyCount "92"]
[EventDate "2019.08.05"]
[EventType "swiss"]
[EventCountry "NED"]
[SourceTitle "playchess.com"]
[Source "ChessBase"]
[SourceQuality "1"]
[TimeControl "5400+30"]

1. d4 d5 2. c4 e6 3. Nc3 Be7 4. Nf3 Nf6 5. Bg5 h6 6. Bh4 O-O 7. e3 b6 8. cxd5 exd5 9. Bd3 Be6 10. O-O c5 11. Rc1 Nc6 12. a3 a6 13. Na4 c4 14. Be2 Rc8 15. Bxf6 Bxf6 16. b3 Na5 17. bxc4 Nxc4 18. Qb3 b5 19. Nc5 Qa5 20. Nxe6 fxe6 21. Bxc4 bxc4 22. Qc3 Qxc3 23. Rxc3 Rb8 24. Nd2 Rb2 25. Rd1 Rfb8 26. Rcc1 Be7 27. a4 Ra2 28. Ra1 Rbb2 29. Rxa2 Rxa2 30. Nf3 Rxa4 31. Kf1 Bd6 32. h3 Kf7 33. Ke2 Ra2+ 34. Rd2 Rxd2+ 35. Kxd2 Bb4+ 36. Kc2 Ke7 37. Nd2 Kd6 38. Nb1 Kc6 39. Nc3 Bxc3 40. Kxc3 Kb5 41. f4 g6 42. g4 Kc6 43. h4 Kd6 44. h5 gxh5 45. g5 hxg5 46. fxg5 Ke7 0-1

[Event "ONJK-B 2019"]
[Site "Borne"]
[Date "2019.08.09"]
[Round "7.13"]
[White "Li-Behn, Tobias"]
[Black "Van Borren, Matthijs"]
[Result "1-0"]
[ECO "E90"]
[WhiteElo "1237"]
[BlackElo "1339"]
[Annotator "NA RC"]
[PlyCount "57"]
[EventDate "2019.08.05"]
[EventType "swiss"]
[EventCountry "NED"]
[SourceTitle "playchess.com"]
[Source "ChessBase"]
[SourceQuality "1"]
[TimeControl "5400+30"]

1. d4 c5 2. d5 Nf6 3. c4 g6 4. Nc3 Bg7 5. Nf3 d6 6. e4 a6 7. Be2 Qc7 8. Qc2 Bd7 9. O-O O-O 10. h3 Be8 11. Bf4 Nbd7 12. Qd2 Rb8 13. Rfe1 Nh5 14. Bh6 Kh8 15. Bxg7+ Kxg7 16. Ng5 Nhf6 17. f4 h6 18. Nf3 Ng8 19. Bd3 f6 20. Re2 Bf7 21. Rae1 e5 22. dxe6 Bxe6 23. e5 fxe5 24. fxe5 Bf5 25. Bxf5 Rxf5 26. Qxd6 Qxd6 27. exd6 b5 28. cxb5 axb5 29. Ne5 1-0

[Event "ONJK-B 2019"]
[Site "Borne"]
[Date "2019.08.09"]
[Round "7.14"]
[White "Eijkelkamp, Hugo"]
[Black "Michielsen, Lies"]
[Result "1/2-1/2"]
[ECO "B30"]
[WhiteElo "825"]
[BlackElo "1489"]
[Annotator "NA RC"]
[PlyCount "70"]
[EventDate "2019.08.05"]
[EventType "swiss"]
[EventCountry "NED"]
[SourceTitle "playchess.com"]
[Source "ChessBase"]
[SourceQuality "1"]
[TimeControl "5400+30"]

1. e4 c5 2. Nc3 Nc6 3. Nf3 g6 4. Bc4 Bg7 5. d3 Nf6 6. Bf4 O-O 7. O-O d6 8. d4 cxd4 9. Nxd4 Nxd4 10. Qxd4 e5 11. Bxe5 dxe5 12. Qxe5 Re8 13. Qf4 Qe7 14. Rfe1 Qe5 15. Qxe5 Rxe5 16. f4 Re7 17. e5 Ne8 18. Nd5 Rd7 19. e6 fxe6 20. Rxe6 Kf8 21. Rae1 Nd6 22. Bb3 b5 23. Nc7 Rxc7 24. Rxd6 Bf5 25. c3 Re8 26. Red1 Rce7 27. Kf2 Re2+ 28. Kf1 Rxb2 29. Ra6 Bxc3 30. Rxa7 Bg4 31. Rf7+ Kg8 32. Re7+ Kf8 33. Rf7+ Kg8 34. Re7+ Kf8 35. Rf7+ Kg8 1/2-1/2

[Event "ONJK-B 2019"]
[Site "Borne"]
[Date "2019.08.09"]
[Round "7.15"]
[White "Visser, Barto"]
[Black "Maas, Tristan"]
[Result "1-0"]
[ECO "C34"]
[WhiteElo "1342"]
[BlackElo "1467"]
[Annotator "NA RC"]
[PlyCount "63"]
[EventDate "2019.08.05"]
[EventType "swiss"]
[EventCountry "NED"]
[SourceTitle "playchess.com"]
[Source "ChessBase"]
[SourceQuality "1"]
[TimeControl "5400+30"]

1. e4 e5 2. f4 exf4 3. Nf3 Nf6 4. Nc3 Bc5 5. e5 Ng4 6. d4 Bb6 7. Bxf4 f6 8. h3 fxe5 9. Bg5 Nf6 10. dxe5 h6 11. Bh4 g5 12. Nxg5 Qe7 13. Nf3 Qc5 14. exf6 O-O 15. Qd5+ Kh8 16. Qxc5 Bxc5 17. O-O-O Be3+ 18. Kb1 Nc6 19. Bc4 d6 20. f7 Kg7 21. Rhf1 Bf5 22. Nh2 Bg6 23. Ng4 Nd4 24. Bf6+ Kh7 25. Bxd4 Bxd4 26. Rxd4 Rad8 27. Nf6+ Kg7 28. Rg4 c6 29. Nce4 d5 30. Nh5+ Kh8 31. Rxg6 dxe4 32. Rxh6# 1-0

[Event "ONJK-B 2019"]
[Site "Borne"]
[Date "2019.08.09"]
[Round "7.16"]
[White "Berghuis, Rowin"]
[Black "Pol, Florian"]
[Result "0-1"]
[ECO "B30"]
[WhiteElo "1081"]
[BlackElo "1334"]
[Annotator "NA RC"]
[PlyCount "62"]
[EventDate "2019.08.05"]
[EventType "swiss"]
[EventCountry "NED"]
[SourceTitle "playchess.com"]
[Source "ChessBase"]
[SourceQuality "1"]
[TimeControl "5400+30"]

1. e4 c5 2. Bc4 g6 3. Nf3 Bg7 4. d3 Nc6 5. O-O e6 6. c3 Nge7 7. d4 cxd4 8. Nxd4 O-O 9. h3 a6 10. Be3 b5 11. Bb3 Bb7 12. Nd2 d5 13. Re1 dxe4 14. Nxe4 Nxd4 15. Nc5 Nxb3 16. Nxb7 Qc7 17. Qxb3 Qxb7 18. Bc5 Rfe8 19. Rad1 Bf8 20. Qb4 Nd5 21. Qd4 Bxc5 22. Qxc5 Rac8 23. Qd4 Red8 24. Re2 Qb6 25. Qe5 Qc7 26. Qd4 Nxc3 27. Rc2 Rxd4 28. Rxd4 Qe5 29. Rdd2 Kg7 30. Kh1 Nxa2 31. Re2 Qb8 0-1

[Event "ONJK-B 2019"]
[Site "Borne"]
[Date "2019.08.09"]
[Round "8.1"]
[White "De Putter, Nina"]
[Black "Maters, Arthur"]
[Result "0-1"]
[ECO "B52"]
[WhiteElo "1631"]
[BlackElo "2041"]
[Annotator "NA"]
[PlyCount "90"]
[EventDate "2019.08.05"]
[EventType "swiss"]
[EventCountry "NED"]
[SourceTitle "playchess.com"]
[Source "ChessBase"]
[SourceQuality "1"]
[TimeControl "5400+30"]

1. e4 c5 2. Nf3 d6 3. Bb5+ Bd7 4. Bxd7+ Qxd7 5. c4 Nc6 6. O-O g6 7. d4 cxd4 8. Nxd4 Bg7 9. Be3 Nf6 10. f3 O-O 11. Nc3 Rac8 12. Rc1 Nxd4 13. Qxd4 Ng4 14. Qd3 Nxe3 15. Qxe3 Rxc4 16. Kh1 a6 17. Rfd1 Rfc8 18. e5 Qe6 19. f4 dxe5 20. fxe5 Qxe5 21. Qxe5 Bxe5 22. Rd3 b5 23. a3 a5 24. Rcd1 Bxc3 25. bxc3 Rxc3 26. Rxc3 Rxc3 27. Ra1 b4 28. axb4 axb4 29. h3 b3 30. Kh2 b2 31. Rb1 Rc2 32. Kg3 Kg7 33. Kf3 h5 34. g3 g5 35. Ke3 Rh2 36. Kf3 f5 37. Ke3 Rxh3 38. Rxb2 Rxg3+ 39. Kf2 h4 40. Rb1 g4 41. Re1 Kf6 42. Re2 e5 43. Re1 f4 44. Ra1 Rb3 45. Ra6+ Kf5 0-1

[Event "ONJK-B 2019"]
[Site "Borne"]
[Date "2019.08.09"]
[Round "8.2"]
[White "Rogge, Parcival"]
[Black "Arnold, Kiri"]
[Result "1/2-1/2"]
[ECO "B22"]
[WhiteElo "1743"]
[BlackElo "1555"]
[Annotator "NA"]
[PlyCount "59"]
[EventDate "2019.08.05"]
[EventType "swiss"]
[EventCountry "NED"]
[SourceTitle "playchess.com"]
[Source "ChessBase"]
[SourceQuality "1"]
[TimeControl "5400+30"]

1. e4 c5 2. Nf3 Nc6 3. c3 e5 4. Bc4 Be7 5. O-O Nf6 6. Re1 O-O 7. d4 cxd4 8. cxd4 d6 9. h3 Qb6 10. d5 Nb8 11. Qe2 Nbd7 12. Nc3 Nc5 13. Rb1 Bd7 14. Be3 Qc7 15. Nd2 a6 16. b4 Na4 17. Nxa4 Bxa4 18. f4 Qd7 19. f5 Bc2 20. g4 Bxe4 21. Nxe4 Nxe4 22. Qf3 Ng5 23. Qg3 Rac8 24. Bd3 Rc3 25. Bd2 Rxd3 26. Qxd3 e4 27. Rxe4 Nxe4 28. Qxe4 Bf6 29. Re1 Be5 30. Bf4 1/2-1/2

[Event "ONJK-B 2019"]
[Site "Borne"]
[Date "2019.08.09"]
[Round "8.3"]
[White "Molanus, Lennart"]
[Black "Mainka, Alwin"]
[Result "0-1"]
[ECO "D93"]
[WhiteElo "1619"]
[BlackElo "1989"]
[Annotator "NA"]
[PlyCount "106"]
[EventDate "2019.08.05"]
[EventType "swiss"]
[EventCountry "NED"]
[SourceTitle "playchess.com"]
[Source "ChessBase"]
[SourceQuality "1"]
[TimeControl "5400+30"]

1. d4 Nf6 2. c4 g6 3. Nc3 d5 4. Bf4 Bg7 5. e3 O-O 6. Nf3 Bf5 7. h3 dxc4 8. Bxc4 c6 9. O-O Nbd7 10. Qe2 Nb6 11. Bd3 Bxd3 12. Qxd3 Nfd5 13. Be5 Bxe5 14. Nxe5 Nxc3 15. bxc3 Rc8 16. a4 Nd7 17. Nxd7 Qxd7 18. a5 Rfd8 19. f4 c5 20. Rfb1 cxd4 21. cxd4 Rc7 22. Ra3 Qd5 23. Rb5 Rc1+ 24. Kh2 Qc6 25. Rab3 Rd7 26. d5 Qc8 27. e4 a6 28. Rb6 Rc5 29. Qd2 Rdc7 30. e5 Rc2 31. Qd3 Ra2 32. d6 Rcc2 33. Rb2 exd6 34. Rxa2 Rxa2 35. exd6 Qd7 36. Qd5 Qa4 37. Qe5 Qc2 38. Qe8+ Kg7 39. Qe5+ Kg8 40. Qg5 Qd2 41. h4 Rxa5 42. Qg4 Rd5 43. Rxb7 Rxd6 44. Ra7 Rf6 45. h5 Kg7 46. Qg5 h6 47. Qe5 gxh5 48. Qxh5 Qxf4+ 49. Kh1 Qg3 50. Qd1 Qh4+ 51. Kg1 Qf2+ 52. Kh1 Qxa7 53. Qg4+ Rg6 0-1

[Event "ONJK-B 2019"]
[Site "Borne"]
[Date "2019.08.09"]
[Round "8.4"]
[White "Baselmans, Daan"]
[Black "Klaren, Oscar"]
[Result "1/2-1/2"]
[ECO "B33"]
[WhiteElo "1720"]
[BlackElo "1737"]
[Annotator "NA"]
[PlyCount "61"]
[EventDate "2019.08.05"]
[EventType "swiss"]
[EventCountry "NED"]
[SourceTitle "playchess.com"]
[Source "ChessBase"]
[SourceQuality "1"]
[TimeControl "5400+30"]

1. e4 c5 2. Nf3 Nc6 3. d4 cxd4 4. Nxd4 Nf6 5. Nc3 e5 6. Ndb5 d6 7. Nd5 Nxd5 8. exd5 Ne7 9. c4 Ng6 10. b4 a6 11. Nc3 Be7 12. Bd3 O-O 13. O-O f5 14. Qb3 Kh8 15. f3 Bd7 16. Be3 Rc8 17. Rfc1 Bg5 18. Bxg5 Qxg5 19. Nd1 Nh4 20. Bf1 e4 21. fxe4 fxe4 22. Qg3 Qh6 23. Qe3 Rf4 24. Qb6 Rg4 25. Kh1 Nf5 26. Nf2 Rh4 27. Nh3 Ne3 28. Rc3 Nxf1 29. Rxf1 Bxh3 30. gxh3 Rxh3 31. Qf2 1/2-1/2

[Event "ONJK-B 2019"]
[Site "Borne"]
[Date "2019.08.09"]
[Round "8.5"]
[White "Albertus, Bram"]
[Black "Nopper, Louis"]
[Result "1-0"]
[ECO "A26"]
[WhiteElo "1841"]
[BlackElo "1579"]
[Annotator "NA"]
[PlyCount "59"]
[EventDate "2019.08.05"]
[EventType "swiss"]
[EventCountry "NED"]
[SourceTitle "playchess.com"]
[Source "ChessBase"]
[SourceQuality "1"]
[TimeControl "5400+30"]

1. c4 Nf6 2. g3 g6 3. Bg2 Bg7 4. Nc3 O-O 5. e4 d6 6. Nge2 e5 7. O-O Nc6 8. d3 Nd7 9. Be3 Ne7 10. Qd2 c6 11. f4 f5 12. Rae1 Nf6 13. h3 Be6 14. b3 Qd7 15. Kh2 b6 16. Rd1 Rad8 17. Qc1 exf4 18. Bxf4 d5 19. cxd5 cxd5 20. e5 Nh5 21. d4 Bh8 22. Qa3 Ng7 23. Bg5 Rf7 24. Nf4 Rc8 25. Rd3 Ne8 26. Bxe7 Rxc3 27. Rxc3 Rxe7 28. Nxe6 Rxe6 29. Rfc1 Bg7 30. Qa4 1-0

[Event "ONJK-B 2019"]
[Site "Borne"]
[Date "2019.08.09"]
[Round "8.6"]
[White "Ekker, Laurens"]
[Black "Hubers, Daan"]
[Result "1-0"]
[ECO "B00"]
[WhiteElo "1614"]
[BlackElo "1512"]
[Annotator "NA"]
[PlyCount "29"]
[EventDate "2019.08.05"]
[EventType "swiss"]
[EventCountry "NED"]
[SourceTitle "playchess.com"]
[Source "ChessBase"]
[SourceQuality "1"]
[TimeControl "5400+30"]

1. e4 b6 2. d4 Bb7 3. Bd3 e6 4. Nf3 c5 5. c3 cxd4 6. cxd4 Nf6 7. Nc3 Bb4 8. Qe2 Qc7 9. Bd2 O-O 10. O-O Nc6 11. e5 Bxc3 12. bxc3 Nd5 13. Bxh7+ Kh8 14. Qe4 g6 15. Qh4 1-0

[Event "ONJK-B 2019"]
[Site "Borne"]
[Date "2019.08.09"]
[Round "8.7"]
[White "Van Hille, Clara"]
[Black "Heskes, Johan"]
[Result "1-0"]
[ECO "C40"]
[WhiteElo "1391"]
[BlackElo "1535"]
[Annotator "NA"]
[PlyCount "45"]
[EventDate "2019.08.05"]
[EventType "swiss"]
[EventCountry "NED"]
[SourceTitle "playchess.com"]
[Source "ChessBase"]
[SourceQuality "1"]
[TimeControl "5400+30"]

1. e4 e5 2. Nf3 f5 3. Nxe5 Qf6 4. d4 d6 5. Nc4 fxe4 6. Nc3 Qg6 7. f3 exf3 8. Qxf3 Nf6 9. Ne3 c6 10. Bd3 Qf7 11. O-O d5 12. Bd2 Be7 13. Nf5 O-O 14. Qg3 Kh8 15. Nxe7 Qxe7 16. Qh4 Rg8 17. Bg6 Nbd7 18. Bg5 Nf8 19. Bd3 h6 20. Rxf6 gxf6 21. Bxf6+ Qg7 22. Qxh6+ Nh7 23. Qxh7# 1-0

[Event "ONJK-B 2019"]
[Site "Borne"]
[Date "2019.08.09"]
[Round "8.8"]
[White "Tiggelman, Laura"]
[Black "Olree, Alex"]
[Result "0-1"]
[ECO "B06"]
[WhiteElo "1436"]
[BlackElo "1411"]
[Annotator "NA"]
[PlyCount "68"]
[EventDate "2019.08.05"]
[EventType "swiss"]
[EventCountry "NED"]
[SourceTitle "playchess.com"]
[Source "ChessBase"]
[SourceQuality "1"]
[TimeControl "5400+30"]

1. e4 g6 2. c3 Bg7 3. Nf3 d5 4. e5 c5 5. d4 Nc6 6. a3 f6 7. Bb5 Qb6 8. Bxc6+ bxc6 9. b4 cxd4 10. cxd4 Ba6 11. Bb2 Nh6 12. Nc3 fxe5 13. Nxe5 Bxe5 14. dxe5 O-O 15. f3 Qe3+ 16. Ne2 Ng4 17. Bd4 Bxe2 18. Bxe3 Bxd1 19. fxg4 Bxg4 20. Rc1 a5 21. Rf1 axb4 22. Rxf8+ Kxf8 23. axb4 Ra2 24. h3 Re2+ 25. Kf1 Rxe3 26. hxg4 Rb3 27. Rxc6 Rxb4 28. Rc8+ Kg7 29. Re8 Rf4+ 30. Kg1 Kf7 31. Rh8 Ke6 32. Rxh7 d4 33. Rh3 Kxe5 34. g5 Ke4 0-1

[Event "ONJK-B 2019"]
[Site "Borne"]
[Date "2019.08.09"]
[Round "8.9"]
[White "Neirynck, Arthur"]
[Black "Lauwers, Timo"]
[Result "1-0"]
[ECO "B23"]
[WhiteElo "1514"]
[BlackElo "1364"]
[Annotator "NA"]
[PlyCount "61"]
[EventDate "2019.08.05"]
[EventType "swiss"]
[EventCountry "NED"]
[SourceTitle "playchess.com"]
[Source "ChessBase"]
[SourceQuality "1"]
[TimeControl "5400+30"]

1. e4 c5 2. Nc3 Nc6 3. f4 e6 4. Nf3 d5 5. Bb5 Nge7 6. d3 a6 7. Bxc6+ Nxc6 8. O-O Be7 9. Qe1 O-O 10. Qg3 Bf6 11. Qh3 h6 12. g4 Nd4 13. Rf2 Nxf3+ 14. Rxf3 Bxc3 15. bxc3 dxe4 16. Rg3 exd3 17. g5 e5 18. f5 hxg5 19. Bxg5 f6 20. Bh6 Rf7 21. Qg4 Qe7 22. Rxd3 Bd7 23. Rad1 Bc6 24. Rd6 Kf8 25. Re6 Qc7 26. Be3 b6 27. Rdd6 Rc8 28. Qg6 Bd7 29. Qh7 Re7 30. Bh6 gxh6 31. Rxe7 1-0